Workbook

Sheet Start
A3: Haushaltsbuch 2026 (Basis)
A4: kredit-kompass.com
A6: 1. Kategorien prüfen
A7: Im Blatt Kategorien stehen typische Posten. Passe sie an dein Leben an.
A8: 2. Budget planen
A9: Im Blatt Budget trägst du ein, was du pro Monat für jede Kategorie einplanst.
A10: 3. Buchen
A11: Im Monatsblatt trägst du Einnahmen und Ausgaben ein, Kategorie aus der Liste wählen.
A12: 4. Auswerten
A13: Rechts im Monatsblatt siehst du Budget gegen Ist. Rot heißt: drüber.
A15: Gelbe Felder sind zum Ausfüllen. Alles andere rechnet automatisch.
A17: In Google Sheets: Datei, Importieren, Hochladen. Formeln und Auswahllisten bleiben erhalten.
... A20: Die Pro-Version mit 12 Monaten, Jahresübersicht, Sparzielen, Kredit-Check und Schuldenplan gibt es auf kredit-kompass.com.

Sheet Kategorien
A1: Kategorien
A2: Du kannst Namen ändern oder ergänzen. Die Gruppe steuert, ob etwas als Einnahme, Ausgabe oder Sparen zählt.
A4: Kategorie | B4: Gruppe
A5: Gehalt / Lohn | B5: Einnahmen
A6: Nebenjob | B6: Einnahmen
A7: Kindergeld | B7: Einnahmen
A8: Unterhalt | B8: Einnahmen
A9: Rente / Sozialleistungen | B9: Einnahmen
A10: Sonstige Einnahmen | B10: Einnahmen
A11: Miete / Rate Wohnung | B11: Fixkosten
A12: Nebenkosten / Strom | B12: Fixkosten
A13: Internet / Handy | B13: Fixkosten
A14: Versicherungen | B14: Fixkosten
A15: Kreditraten | B15: Fixkosten
... A30: Altersvorsorge / ETF | B30: Sparen

Sheet Budget
A1: Monatsbudget
A2: Trag ein, was du pro Monat für jede Kategorie einplanst. Die Monatsblätter vergleichen das mit dem, was wirklich passiert.
A4: Kategorie | B4: Gruppe | C4: Budget pro Monat
A5: =IF(Kategorien!A5="","",Kategorien!A5) | B5: =IF(Kategorien!B5="","",Kategorien!B5)
A6: =IF(Kategorien!A6="","",Kategorien!A6) | B6: =IF(Kategorien!B6="","",Kategorien!B6)
A7: =IF(Kategorien!A7="","",Kategorien!A7) | B7: =IF(Kategorien!B7="","",Kategorien!B7)
A8: =IF(Kategorien!A8="","",Kategorien!A8) | B8: =IF(Kategorien!B8="","",Kategorien!B8)
A9: =IF(Kategorien!A9="","",Kategorien!A9) | B9: =IF(Kategorien!B9="","",Kategorien!B9)
A10: =IF(Kategorien!A10="","",Kategorien!A10) | B10: =IF(Kategorien!B10="","",Kategorien!B10)
A11: =IF(Kategorien!A11="","",Kategorien!A11) | B11: =IF(Kategorien!B11="","",Kategorien!B11)
A12: =IF(Kategorien!A12="","",Kategorien!A12) | B12: =IF(Kategorien!B12="","",Kategorien!B12)
A13: =IF(Kategorien!A13="","",Kategorien!A13) | B13: =IF(Kategorien!B13="","",Kategorien!B13)
A14: =IF(Kategorien!A14="","",Kategorien!A14) | B14: =IF(Kategorien!B14="","",Kategorien!B14)
A15: =IF(Kategorien!A15="","",Kategorien!A15) | B15: =IF(Kategorien!B15="","",Kategorien!B15)
A16: =IF(Kategorien!A16="","",Kategorien!A16) | B16: =IF(Kategorien!B16="","",Kategorien!B16)
... A36: =IF(Kategorien!A36="","",Kategorien!A36) | B36: =IF(Kategorien!B36="","",Kategorien!B36)

Sheet Monat
A1: Mein Monat 2026
A2: Links buchst du, rechts siehst du Budget gegen Ist. Ausgaben als positive Beträge eintragen.
A4: Datum | B4: Beschreibung | C4: Kategorie | D4: Betrag | G4: Kategorie | H4: Gruppe | I4: Budget | J4: Ist | K4: Rest
G5: =Budget!A5 | H5: =Budget!B5 | I5: =IF(G5="","",Budget!C5) | J5: =IF(G5="","",SUMIFS($D$5:$D$124,$C$5:$C$124,G5)) | K5: =IF(OR(G5="",H5="Einnahmen"),"",I5-J5)
G6: =Budget!A6 | H6: =Budget!B6 | I6: =IF(G6="","",Budget!C6) | J6: =IF(G6="","",SUMIFS($D$5:$D$124,$C$5:$C$124,G6)) | K6: =IF(OR(G6="",H6="Einnahmen"),"",I6-J6)
G7: =Budget!A7 | H7: =Budget!B7 | I7: =IF(G7="","",Budget!C7) | J7: =IF(G7="","",SUMIFS($D$5:$D$124,$C$5:$C$124,G7)) | K7: =IF(OR(G7="",H7="Einnahmen"),"",I7-J7)
G8: =Budget!A8 | H8: =Budget!B8 | I8: =IF(G8="","",Budget!C8) | J8: =IF(G8="","",SUMIFS($D$5:$D$124,$C$5:$C$124,G8)) | K8: =IF(OR(G8="",H8="Einnahmen"),"",I8-J8)
G9: =Budget!A9 | H9: =Budget!B9 | I9: =IF(G9="","",Budget!C9) | J9: =IF(G9="","",SUMIFS($D$5:$D$124,$C$5:$C$124,G9)) | K9: =IF(OR(G9="",H9="Einnahmen"),"",I9-J9)
G10: =Budget!A10 | H10: =Budget!B10 | I10: =IF(G10="","",Budget!C10) | J10: =IF(G10="","",SUMIFS($D$5:$D$124,$C$5:$C$124,G10)) | K10: =IF(OR(G10="",H10="Einnahmen"),"",I10-J10)
G11: =Budget!A11 | H11: =Budget!B11 | I11: =IF(G11="","",Budget!C11) | J11: =IF(G11="","",SUMIFS($D$5:$D$124,$C$5:$C$124,G11)) | K11: =IF(OR(G11="",H11="Einnahmen"),"",I11-J11)
G12: =Budget!A12 | H12: =Budget!B12 | I12: =IF(G12="","",Budget!C12) | J12: =IF(G12="","",SUMIFS($D$5:$D$124,$C$5:$C$124,G12)) | K12: =IF(OR(G12="",H12="Einnahmen"),"",I12-J12)
G13: =Budget!A13 | H13: =Budget!B13 | I13: =IF(G13="","",Budget!C13) | J13: =IF(G13="","",SUMIFS($D$5:$D$124,$C$5:$C$124,G13)) | K13: =IF(OR(G13="",H13="Einnahmen"),"",I13-J13)
G14: =Budget!A14 | H14: =Budget!B14 | I14: =IF(G14="","",Budget!C14) | J14: =IF(G14="","",SUMIFS($D$5:$D$124,$C$5:$C$124,G14)) | K14: =IF(OR(G14="",H14="Einnahmen"),"",I14-J14)
G15: =Budget!A15 | H15: =Budget!B15 | I15: =IF(G15="","",Budget!C15) | J15: =IF(G15="","",SUMIFS($D$5:$D$124,$C$5:$C$124,G15)) | K15: =IF(OR(G15="",H15="Einnahmen"),"",I15-J15)
G16: =Budget!A16 | H16: =Budget!B16 | I16: =IF(G16="","",Budget!C16) | J16: =IF(G16="","",SUMIFS($D$5:$D$124,$C$5:$C$124,G16)) | K16: =IF(OR(G16="",H16="Einnahmen"),"",I16-J16)
... G36: =Budget!A36 | H36: =Budget!B36 | I36: =IF(G36="","",Budget!C36) | J36: =IF(G36="","",SUMIFS($D$5:$D$124,$C$5:$C$124,G36)) | K36: =IF(OR(G36="",H36="Einnahmen"),"",I36-J36)
G38: Einnahmen | J38: =SUMIFS(J5:J36,H5:H36,"Einnahmen")
G39: Fixkosten | J39: =SUMIFS(J5:J36,H5:H36,"Fixkosten")
G40: Variable Ausgaben | J40: =SUMIFS(J5:J36,H5:H36,"Variable Ausgaben")
G41: Gespart | J41: =SUMIFS(J5:J36,H5:H36,"Sparen")
G42: Übrig | J42: =J38-J39-J40-J41
G43: Sparquote | J43: =IFERROR(J41/J38,0)
